 Dungeon Crawl Stone Soup version 0.17-a0-777-g32247ce (webtiles) character file.

48 RobertPalmer the Bolt Thrower (level 4, 0/26 HPs)
             Began as a Kobold Hunter on Apr 26, 2015.
             Slain by a goblin (2 damage)
             ... led by Robin
             ... on level 2 of the Dungeon.
             The game lasted 00:02:33 (1765 turns).

RobertPalmer the Bolt Thrower (Kobold Hunter)       Turns: 1765, Time: 00:02:33

Health: 0/26       AC:  3    Str: 10    XL:     4   Next: 0%
Magic:  4/4        EV: 14    Int: 10    God:
Gold:   77         SH:  0    Dex: 16    Spells: 0 memorised, 3 levels left

rFire  . . .     SeeInvis .     a - +0 short sword
rCold  . . .     Clarity  .     d - +0 leather armour
rNeg   . . .     SustAb   .     (shield restricted)
rPois  .         Gourm    .     (no helmet)
rElec  .         Spirit   .     (no cloak)
rCorr  .         Warding  .     (no gloves)
rMut   .         Stasis   .     (no boots)
MR     .....                    (no amulet)
Stlth  ++........               (no ring)
                                (no ring)

@: not resistant to hostile enchantments, unstealthy
A: carnivore 3
a: no special abilities


You were on level 2 of the Dungeon.
You were very full.

You visited 1 branch of the dungeon, and saw 2 of its levels.

You collected 77 gold pieces.

Inventory:

Hand weapons
 a - a +0 short sword (weapon)
 b - a +1 hand crossbow
Missiles
 c - 10 bolts
Armour
 d - a +0 leather armour (worn)
Jewellery
 g - a cursed ring of teleportation {unknown}
   (You found it on level 1 of the Dungeon)
 h - an uncursed amulet of clarity {unknown}
   (You found it on level 1 of the Dungeon)
Scrolls
 i - 2 scrolls of teleportation
Potions
 e - a potion of brilliance {unknown}
 m - a potion of heal wounds {unknown}
Comestibles
 k - a slice of pizza
 l - a meat ration {@e2}


   Skills:
 - Level 2.1 Fighting
 + Level 4.2 Short Blades
 - Level 4.8 Crossbows
 - Level 2.4 Dodging
 - Level 1.3 Stealth


You had 3 spell levels left.
You didn't know any spells.

Dungeon Overview and Level Annotations

Branches:
Dungeon (2/15)

Altars:

Annotations:
D:2 Robin


Innate Abilities, Weirdness & Mutations

You are small and have problems with some larger weapons.
You are carnivorous and can eat meat at any time.


Message History

The bolt completely misses the goblin.
The goblin shouts!
The bolt hits the goblin!
You kill the goblin!
The goblin barely misses you. Robin throws the goblin at you!
Aim: Robin, wielding a spear, wearing an animal skin and wearing a helmet (moderately wounded)
You shoot a bolt. The bolt hits Robin!
The goblin unwields an uncursed hunting sling.
The goblin wields an uncursed club.
The goblin barely misses you. The goblin closely misses you.
Robin hits you but does no damage.
a - a +0 short sword (weapon)
The goblin misses you. Robin barely misses you.
Drink which item? (? for menu, Esc to quit)
It was a potion of magic.
Magic courses through your body.
The goblin hits you with an uncursed club.
The goblin closely misses you.
You take 2 damage, and have 15/21 hp.
You completely miss the goblin. Robin hits you from afar with a spear.
The goblin misses you. The goblin hits you.
You take 5 damage, and have 10/21 hp.
MASSIVE DAMAGE!!
Drink which item? (? for menu, Esc to quit)
Okay, then.
Read which item? (? for menu, Esc to quit)
As you read the scroll of teleportation, it crumbles to dust.
You feel strangely unstable. Robin throws the goblin at you!
The goblin closely misses you. The goblin hits you but does no damage.
The goblin hits you with a club.
You take 2 damage, and have 8/21 hp.
Unknown command.
Unknown command.
Unknown command.
You closely miss the goblin. Robin hits you but does no damage.
The goblin completely misses you. The goblin hits you.
* * * LOW HITPOINT WARNING * * *
You take 2 damage, and have 6/21 hp.
Unknown command.
You completely miss the goblin. The goblin closely misses you.
Robin hits you from afar with a spear.
* * * LOW HITPOINT WARNING * * *
The goblin barely misses you.
You take 3 damage, and have 3/21 hp.
Unknown command.
You barely miss the goblin. The goblin hits you but does no damage.
The goblin misses you. Robin misses you.
You closely miss the goblin. The goblin hits you but does no damage.
The goblin hits you with an uncursed club.
* * * LOW HITPOINT WARNING * * *
The goblin hits you but does no damage. Robin closely misses you.
You take 1 damage, and have 2/21 hp.
Unknown command.
You hit the goblin.
Your surroundings seem slightly different.
The goblin unwields an uncursed club.
The goblin wields an uncursed hunting sling.
The goblin shoots a stone.
The stone misses you.
A giant newt comes into view.
Unknown command.
Unknown command.
A bat comes into view.
The bat closely misses you. The bat barely misses you.
You see here 13 gold pieces.
The bat barely misses you. The bat hits you but does no damage.
The bat hits you but does no damage. The bat hits you but does no damage.
The bat completely misses you. The bat barely misses you.
The bat hits you but does no damage. The bat hits you but does no damage.
The bat hits you.
* * * LOW HITPOINT WARNING * * *
The bat misses you. The bat hits you but does no damage.
The bat completely misses you. The bat hits you.
* * * LOW HITPOINT WARNING * * *
The bat hits you but does no damage.
You take 1 damage, and have 2/21 hp.
The bat misses you. The bat hits you.
* * * LOW HITPOINT WARNING * * *
You take 1 damage, and have 1/21 hp.
The bat barely misses you.
You barely miss the bat. The bat hits you but does no damage.
The bat misses you.
You hit the bat but do no damage. The bat barely misses you.
You hit the bat.
You kill the bat!
You have reached level 4!
MP restored: 4
b - a +1 hand crossbow (weapon)
Aim: a goblin (heavily wounded)
You shoot a bolt. The bolt hits the goblin.
a - a +0 short sword (weapon)
The goblin closely misses you.
Your leather armour prevents you from hitting the goblin.
The goblin closely misses you.
You closely miss the goblin. The goblin hits you.
You die...

##g#.#
.....
#.#.##
#.#.# .....
#.##.#
#g#........
..###. #.#
#. .l. ###
#. #.#
..######.
#.#
.........
#(#
########.
#g#####..#
#.
#@.......#
#.
########.#
#. #. #. #.
## ## .. ##


You could see a hobgoblin and 2 goblins.

Vanquished Creatures
  An ooze (D:1)
  A giant gecko (D:2)
  4 giant cockroaches
  4 hobgoblins (D:1)
  4 jackals (D:1)
  8 bats
  A giant newt (D:1)
  10 goblins
  6 kobolds
  3 rats
42 creatures vanquished.

Notes
Turn   | Place    | Note
--------------------------------------------------------------
     0 | D:1      | RobertPalmer, the Kobold Hunter, began the quest for the Orb.
     0 | D:1      | Reached XP level 1. HP: 12/12 MP: 1/1
    20 | D:1      | Reached skill level 1 in Short Blades
   330 | D:1      | Reached skill level 2 in Short Blades
   330 | D:1      | Reached XP level 2. HP: 15/17 MP: 2/2
   723 | D:1      | Reached skill level 3 in Short Blades
   727 | D:1      | Reached XP level 3. HP: 16/21 MP: 3/3
  1490 | D:2      | Reached skill level 4 in Short Blades
  1714 | D:2      | Noticed Robin
  1727 | D:2      | HP: 3/21 [Robin/spear (3)]
  1750 | D:2      | HP: 3/21 [bat (1)]
  1755 | D:2      | HP: 1/21 [bat (1)]
  1760 | D:2      | Reached XP level 4. HP: 1/26 MP: 4/4
  1765 | D:2      | Slain by a goblin

Action                   |  1- 3 |  4- 6 || total
-------------------------+-------+-------++-------
Melee: Short sword       |   172 |     2 ||   174
 Fire: Hand crossbow     |    10 |     1 ||    11
  Use: Scroll            |     6 |       ||     6
       Potion            |     1 |       ||     1
 Stab: Sleeping          |     1 |       ||     1
  Eat: Chunk             |     4 |       ||     4
       Meat ration       |     1 |       ||     1

Vault maps used:
D:1:      dpeg_arrival_leaves_temple_mockup, st_stairs_13
D:2:      uniq_robin

Table legend:
 A = Turns spent in this place as a percentage of turns spent in the entire game.
 B = Non-inter-level travel turns spent in this place as a percentage of non-inter-level travel turns spent in the entire game.
 C = Inter-level travel turns spent in this place as a percentage of turns spent in this place.
 D = Turns resting spent in this place as a percentage of non-inter-level travel turns spent in this place.
 E = Turns spent auto-exploring this place as a percentage of non-inter-level travel turns spent in this place.
 F = Non-inter-level travel turns spent in this place divided by the number of levels of this place that you've seen.
                   A       B       C       D       E      F
               +-------+-------+-------+-------+-------+----------------------
         Total | 100.0 | 100.0 |   0.2 |   2.9 |   7.4 | 272.0
       Dungeon | 100.0 | 100.0 |   0.2 |   2.9 |   7.4 | 272.0
               +-------+-------+-------+-------+-------+----------------------

Table legend:
 A = Kills in this place as a percentage of kills in entire the game.
 B = Kills by you in this place as a percentage of kills by you in the entire game.
 C = Kills by friends in this place as a percentage of kills by friends in the entire game.
 D = Other kills in this place as a percentage of other kills in the entire game.
 E = Experience gained in this place as a percentage of experience gained in the entire game.
 F = Experience gained in this place divided by the number of levels of this place that you have seen.
                   A       B       C       D       E      F
               +-------+-------+-------+-------+-------+----------------------
         Total | 100.0 | 100.0 |  -nan |  -nan | 100.0 |  34.5
       Dungeon | 100.0 | 100.0 |  -nan |  -nan | 100.0 |  34.5
               +-------+-------+-------+-------+-------+----------------------
